 Dungeon Crawl Stone Soup version 0.30-b1-2-g02819fbbbe (webtiles) character file.

Game seed: 1054530152294828546

1057 Arcadio the Ducker (level 8, 0/59 HPs)
             Began as a Djinni Fire Elementalist on May 17, 2023.
             Slain by a two-headed ogre
             ... wielding a +0 giant club
              (26 damage)
             ... on level 5 of the Dungeon.
             The game lasted 00:10:00 (4769 turns).

Arcadio the Ducker (Djinni Fire Elementalist)       Turns: 4769, Time: 00:10:00

Health: 0/59       AC:  4    Str:  7    XL:     8   Next: 51%
Gold:   129        EV: 14    Int: 19    God:
                   SH:  0    Dex: 14

rFire   + + .        d - +1 short sword (holy)
rCold   x . .        (no shield)
rNeg    . . .        a - +0 robe
rPois   ∞            m - +0 helmet
rElec   .            c - +0 cloak
rCorr   +            (no gloves)
SInv    .            (boots unavailable)
Will    .....        (no amulet)
Stlth   ++           r - ring of resist corrosion
HPRegen 0.29/turn    (no ring)
MPRegen 0.00/turn

%: infuse magic (-1 HP)
@: about to teleport, on blink cooldown, flying, very slightly contaminated
A: sickness immunity, fire resistance 2, cold vulnerability 1, float, innate
caster, HP casting, extra vitality 1
a: no special abilities


You were on level 5 of the Dungeon.
You visited 1 branch of the dungeon, and saw 5 of its levels.

You collected 213 gold pieces.
You spent 84 gold pieces at shops.

Inventory:

Hand Weapons
 b - a +0 dagger
 d - a +1 short sword of holy wrath (weapon)
Armour
 a - a +0 robe (worn)
 c - a +0 cloak (worn)
 m - a +0 helmet (worn)
 n - the +1 chain mail of Negligence {rCorr}
   (You found it on level 3 of the Dungeon)

   rCorr:     It protects you from acid and corrosion.
Jewellery
 r - a ring of resist corrosion (left hand)
Wands
 f - a wand of polymorph (4)
 u - a wand of mindburst (13)
Scrolls
 g - 2 scrolls of magic mapping
 h - a scroll of poison
 j - a scroll of blinking {unknown}
 k - 3 scrolls of teleportation
 o - 2 scrolls of immolation {unknown}
 p - a scroll of fear {unknown}
 q - 2 scrolls of fog {unknown}
Potions
 e - 3 potions of haste
 i - 5 potions of curing
 l - 3 potions of heal wounds
 s - a potion of resistance {unknown}
 t - 2 potions of berserk rage


   Skills:
 + Level 5.2 Fighting
 + Level 6.2 Dodging
 - Level 1.5 Stealth
 + Level 4.8 Spellcasting


You knew the following spells:

 Your Spells              Type           Power      Damage    Failure   Level
a - Foxfire               Conj/Fire      88%        2x1d8     1%          1
b - Scorch                Fire           44%        2d7       2%          2
c - Volatile Blastmotes   Fire/Tloc      44%        2d13      5%          3
d - Inner Flame           Hex/Fire       22%        N/A       5%          3
e - Flame Wave            Conj/Fire      22%        2d8       17%         4
f - Kiss of Death         Conj/Necr      88%        2d12      1%          1
g - Searing Ray           Conj           44%        2d6       2%          2
h - Blink                 Tloc           44%        N/A       2%          2
Your spell library was empty.

Dungeon Overview and Level Annotations

Branches:
Dungeon (5/15) Zot: 25230
 Temple: D:4-7

Altars:
Uskayaw

Shops:
D:3 *


Innate Abilities, Weirdness & Mutations

You are immune to sickness and miasma.
You are immune to poison.
Your flesh is very heat resistant. (rF++)
You are vulnerable to cold. (rC-)
You float through the air rather than walking.
You learn spells naturally, not from books.
Your magical power is your life essence.
You have superior vitality. (+4 MHP)


Message History

Restarting spell: Searing Ray (safe; 2% risk of failure)
Press: ? - help, Shift-Dir - straight line, f - two-headed ogre, p - water moccasin
Aim: a two-headed ogre, wielding two +0 giant clubs (89% to hit)
The searing ray misses the water moccasin.
The searing ray hits the two-headed ogre.
The two-headed ogre is lightly wounded. (Press . to maintain the ray.)
The water moccasin misses you.
The searing ray hits the water moccasin.
The water moccasin is heavily wounded.
The searing ray hits the two-headed ogre.
The two-headed ogre is lightly wounded.
The water moccasin closely misses you. The water moccasin bites you.
The searing ray hits the water moccasin!
The water moccasin is almost dead.
The searing ray hits the two-headed ogre!
The two-headed ogre is moderately wounded.
The water moccasin misses you.
Casting: Searing Ray (safe; 2% risk of failure)
Confirm with . or Enter, or press ? or * to list all spells.
You blink.
Casting: Blink (safe; 2% risk of failure)
Confirm with . or Enter, or press ? or * to list all spells.
Okay, then.
Casting: Blink (safe; 2% risk of failure)
Confirm with . or Enter, or press ? or * to list all spells.
Aiming: Searing Ray (safe; 2% risk of failure)
Press: ? - help, Shift-Dir - straight line, f/p - two-headed ogre
Aim: a two-headed ogre, wielding two +0 giant clubs (moderately wounded, 89% to hit)
You miscast Searing Ray.
You are very lightly contaminated with residual magic.
Nothing appears to happen.
The water moccasin misses you. The two-headed ogre misses you.
The two-headed ogre hits you with a +0 giant club!
The water moccasin misses you.
As you read the scroll of teleportation, it crumbles to dust.
You feel strangely unstable. The water moccasin bites you.
The two-headed ogre attacks as you move away!
The two-headed ogre hits you with a +0 giant club!!
You die...

.########... .#####. ..........#
#'##.## .##.##. ..........#
#.....# ....... ..........#
#.....# ....... ..........+
#.....# ....... ..........#
#.....# . ....... ..........###
#....##'##########
+###.........###....##.....##....
#.........#..@...#.......#....
#.........#..SO..'.......'O...
#.........#......#.......#....
#.........####†..######+######
#####.....####.##...###
....'.....#...........#
....#.....#...........#
....#.....#...........+
#..##.....#..####+#####


You could see a two-headed ogre and a water moccasin.

Vanquished Creatures
  Sigmund (D:4)
  An ice beast (D:5)
  An ogre (D:4)
  A phantom (D:4)
  4 scorpions (D:4)
  A jelly (D:2)
  2 orc priests (D:4)
  A hound (D:4)
  Jessica (D:2)
  2 iguanas
  An orc wizard (D:4)
  4 gnolls
  7 adders
  A shadow imp (D:5)
  4 worms
  2 dart slugs
  An orc (D:4)
  12 ball pythons
  5 endoplasms
  4 giant cockroaches
  15 hobgoblins
  6 jackals
  3 quokkas
  3 bats
  3 frilled lizards
  12 goblins
  2 kobolds
  6 rats
106 creatures vanquished.

Vanquished Creatures (others)
  90 foxfires
90 creatures vanquished.

Grand Total: 196 creatures vanquished

Notes
Turn   | Place    | Note
-------+----------+-------------------------------------------
     0 | D:1      | Arcadio the Djinni Fire Elementalist began the quest for
                  | the Orb.
     0 | D:1      | Arcadio set off with the following spells memorised:
                  | Foxfire, Scorch, Volatile Blastmotes, Inner Flame, Flame
                  | Wave.
     0 | D:1      | Reached XP level 1. HP: 15/15 MP: 0/0
   140 | D:1      | Reached XP level 2. HP: 21/22 MP: 0/0
   220 | D:1      | Reached skill level 1 in Fighting
   976 | D:1      | Reached XP level 3. HP: 24/27 MP: 0/0
   976 | D:1      | Learned a level 1 spell: Kiss of Death
  1129 | D:2      | Noticed Jessica
  1163 | D:2      | Killed Jessica
  1164 | D:2      | Reached skill level 3 in Dodging
  1164 | D:2      | Reached XP level 4. HP: 29/33 MP: 0/0
  1440 | D:2      | Reached XP level 5. HP: 25/38 MP: 0/0
  1440 | D:2      | Learned a level 2 spell: Searing Ray
  2263 | D:2      | Reached skill level 4 in Dodging
  2263 | D:2      | Reached XP level 6. HP: 32/45 MP: 0/0
  2511 | D:3      | Identified the +1 chain mail of Negligence {rCorr}
  2559 | D:3      | Found a faded altar of an unknown god.
  2618 | D:3      | Found Uhisokholi's General Store.
  2627 | D:3      | Bought a potion of curing for 42 gold pieces
  2627 | D:3      | Bought a potion of curing for 42 gold pieces
  2670 | D:3      | Found a hide-covered altar of Uskayaw.
  3013 | D:4      | Noticed Sigmund
  3229 | D:4      | Reached XP level 7. HP: 11/51 MP: 0/0
  3229 | D:4      | Learned a level 2 spell: Blink
  3246 | D:5      | Entered Level 5 of the Dungeon
  3555 | D:5      | Noticed a two-headed ogre
  3593 | D:5      | Reached skill level 5 in Dodging
  3763 | D:4      | Killed Sigmund
  3764 | D:4      | Reached XP level 8. HP: 18/58 MP: 0/0
  4062 | D:4      | Reached skill level 6 in Dodging
  4191 | D:4      | Reached skill level 5 in Fighting
  4769 | D:5      | Slain by a two-headed ogre

Illustrated notes

Levels and vault maps discovered:
D:1:      dpeg_chamrin_arrival_tetris, layout_basic, minivault_19
D:2:      layout_basic, minmay_pentomino_pile, uniq_jessica
D:3:      layout_basic, mainiacjoe_overflow_small_starburst, serial_shops,
          shop_fountains, ebering_ecumenical_altar_webs
D:4:      layout_basic, grunt_ministairs_6, kennysheep_generic_room_16,
          uniq_sigmund
D:5:      layout_gridville

Skill      XL: |  1  2  3  4  5  6  7  8 |
---------------+-------------------------+-----
Fighting       | 1 2 3 4 5 |  5.2
Dodging        | 3 4 5 6 |  6.2
Spellcasting   | 3 4 |  4.8
Stealth        | |  1.5

Action                     |  1- 3 |  4- 6 |  7- 9 || total
---------------------------+-------+-------+-------++-------
  Melee: Dagger            |     6 |       |       ||     6
   Cast: Foxfire           |    33 |    18 |       ||    51
         Scorch            |     3 |    85 |    43 ||   131
         Volatile Blastmot |       |     1 |       ||     1
         Searing Ray       |       |       |     2 ||     2
         Blink             |       |       |     1 ||     1
    Use: Potion            |       |     1 |     2 ||     3
         Scroll            |       |     3 |     4 ||     7
 Armour: Robe              |     3 |    11 |     3 ||    17
  Dodge: Dodged            |    21 |    34 |    15 ||    70
